 Dungeon Crawl Stone Soup version 0.30-a0-165-g1891117ce2 (webtiles) character file.

Game seed: 661440568841606417

1717 Flugkiller the Magician (level 8, -1/60 HPs)
             Began as a Mummy Reaver on Sept 28, 2022.
             Was an Initiate of Gozag.
             Slain by a sky beast (3 damage)
             ... on level 7 of the Dungeon on Sept 29, 2022.
             The game lasted 00:14:50 (12588 turns).

Flugkiller the Magician (Mummy Reaver)             Turns: 12588, Time: 00:14:50

Health: -1/60      AC:  7    Str: 15    XL:     8   Next: 74%
Magic:  17/17      EV: 11    Int: 15    God:    Gozag
Gold:   1013       SH:  0    Dex: 10    Spells: 13/19 levels left

rFire   x . .      SeeInvis .    C - +2 trident (vorpal)
rCold   + . .      Faith    +    (no shield)
rNeg    + + +      Spirit   .    b - +0 leather armour
rPois   ∞          Reflect  .    (no helmet)
rElec   .          Harm     .    w - +1 cloak
rCorr   .          Rampage  .    B - +0 pair of gloves
Will    +....                    q - +0 pair of boots
Stlth   ..........               g - amulet of magic regeneration
HPRegen 0.20/turn                l - ring of wizardry
MPRegen 0.55/turn                (no ring)

@: confused
A: cold resistance 1, negative energy resistance 3, torment resistance 2, heat
vulnerability 1, in touch with death 1, no potions, faith
a: Renounce Religion, Potion Petition, Call Merchant, Bribe Branch


You were on level 7 of the Dungeon.
You worshipped Gozag.
Gozag was most pleased with you.
You visited 1 branch of the dungeon, and saw 8 of its levels.
You also visited: Sewer.

You collected 1295 gold pieces.
You spent 282 gold pieces at shops.

Inventory:

Hand Weapons
 i - a +0 war axe
   (You found it on level 4 of the Dungeon)
 v - a +0 trident of flaming
   (You found it on level 4 of the Dungeon)
 A - a +1 trident of protection
   (You found it on level 5 of the Dungeon)
 C - a +2 vorpal trident (weapon)
   (You found it on level 7 of the Dungeon)
Missiles
 f - 6 silver javelins
 h - 2 throwing nets
 u - 3 boomerangs
Armour
 b - a +0 leather armour (worn)
 q - a +0 pair of boots (worn)
   (You found it on level 4 of the Dungeon)
 s - a scarf of repulsion
   (You found it on level 4 of the Dungeon)
 w - a +1 cloak (worn)
   (You found it in a sewer)
 B - a +0 pair of gloves (worn)
   (You found it on level 5 of the Dungeon)
Jewellery
 g - an amulet of magic regeneration (around neck)
   (You found it on level 2 of the Dungeon)
 l - a ring of wizardry (left hand)
   (You found it on level 3 of the Dungeon)
Wands
 a - a wand of iceblast (3)
   (You bought it in a shop on level 4 of the Dungeon)
 n - a wand of charming (8)
   (You found it on level 3 of the Dungeon)
 r - a wand of polymorph (3)
   (You found it on level 6 of the Dungeon)
Scrolls
 c - 2 scrolls of enchant weapon
 d - 2 scrolls of amnesia
 e - a scroll of immolation
 j - 2 scrolls of brand weapon
 k - 2 scrolls of magic mapping
 m - a scroll of fog
 o - a scroll of enchant armour {unknown}
 p - 2 scrolls of fear
 t - 5 scrolls of teleportation
 x - a scroll of silence
 y - 3 scrolls of poison
 z - 3 scrolls of blinking


   Skills:
 - Level 4.0 Fighting
 - Level 4.0 Polearms
 - Level 1.5 Dodging
 - Level 6.0 Spellcasting
 + Level 5.9 Conjurations
 - Level 2.0 Translocations
 + Level 2.8 Ice Magic
 - Level 3.0 Evocations


You had 13 spell levels left.
You knew the following spells:

 Your Spells              Type           Power      Damage    Failure   Level
a - Kiss of Death         Conj/Necr      80%        2d11      2%          1
b - Momentum Strike       Conj/Tloc      32%        3d8       2%          2
c - Hailstorm             Conj/Ice       17%        3d6       3%          3

Your spell library contained the following spells:

 Spells                   Type           Power      Damage    Failure   Level
 Magic Dart               Conj           88%        1d7       1%          1
 Foxfire                  Conj/Fire      52%        2x1d6     2%          1
 Freeze                   Ice            52%        1d7       2%          1
 Gell's Gravitas          Tloc           10%        N/A       10%         3
 Lesser Beckoning         Tloc           10%        N/A       10%         3
 Teleport Other           Tloc           10%        N/A       10%         3
 Fireball                 Conj/Fire      6%         3d5       50%         5
 Starburst                Conj/Fire      6%         6d4       96%         6
 Beastly Appendage        Tmut           Unusable   N/A       N/A         1

Dungeon Overview and Level Annotations

Branches:
Dungeon (8/15) Zot: 26403   Sewer (visited)
 Temple: D:4-7         Lair: D:8-11

Altars:
Ashenzari
Fedhas
Gozag
Sif Muna
Lugonu

Shops:
D:4 *

Portals:
Abyss: D:5

Annotations:
D:5 2 runed translucent doors


Innate Abilities, Weirdness & Mutations

You are immune to poison.
Your flesh is cold resistant. (rC+)
You are immune to negative energy. (rN+++)
You are immune to unholy pain and torment.
You are vulnerable to heat. (rF-)
You are in touch with the powers of death.
You do not drink.
You have a special connection with the divine. (Faith)


Message History

The sky beast closely misses you.
You're too confused to move!
The sky beast hits you but does no damage.
You're too confused to move!
The golden eye blinks!
The sky beast completely misses you. The golden eye blinks at you.
You resist with some effort.
The sky beast flickers out of sight!
Deactivating autopickup; reactivate with Ctrl-A.
A sky beast appears from thin air!
Reactivating autopickup.
The sky beast attacks as you move away!
The sky beast hits you but does no damage.
You completely miss the golden eye.
The golden eye is heavily wounded.
The golden eye blinks at you.
You are more confused.
The sky beast closely misses you.
You miss the golden eye. Your punch misses the golden eye.
The golden eye is heavily wounded.
The golden eye blinks at you.
You easily resist.
The sky beast hits you. The sky beast shocks you.
You puncture the sky beast!
The sky beast is moderately wounded.
The sky beast hits you but does no damage.
You miss the sky beast.
The sky beast is moderately wounded.
The sky beast hits you but does no damage.
The sky beast closely misses you. The golden eye blinks at you.
You resist with almost no effort.
You barely miss the golden eye.
The golden eye is moderately wounded.
The sky beast flickers out of sight!
Deactivating autopickup; reactivate with Ctrl-A.
Something hits you but does no damage.
You miss the golden eye.
The golden eye is moderately wounded.
The golden eye blinks at you.
You are more confused.
Something hits you but does no damage.
You hit the golden eye.
The golden eye is almost dead.
A sky beast appears from thin air!
Reactivating autopickup.
The sky beast closely misses you.
The golden eye pulsates ominously.
The sky beast misses you. The golden eye blinks at you.
You are more confused.
You hit the golden eye.
You kill the golden eye!
The steam dragon returns to its original shape as it dies.
The sky beast hits you. The sky beast shocks you.
Training target 6.0 for Spellcasting reached!
Your Spellcasting skill increases to level 6!
The sky beast attacks as you move away!
The sky beast hits you but does no damage.
You miss the sky beast.
The sky beast is moderately wounded.
The sky beast closely misses you.
You hit the sky beast.
The sky beast is moderately wounded.
The sky beast closely misses you.
You miss the sky beast.
The sky beast is moderately wounded.
The sky beast flickers out of sight!
Deactivating autopickup; reactivate with Ctrl-A.
Something hits you. Something shocks you.
Something hits you but does no damage.
You're too confused to move!
Something hits you. Something shocks you.
You completely miss something. Something hits you but does no damage.
Something hits you but does no damage.
You bump into the rock wall.
Something hits you. Something shocks you.
You're too confused to move!
Something hits you but does no damage.
You bump into the rock wall.
Something hits you but does no damage.
You miss something. Something hits you. Something shocks you.
You completely miss something. Something hits you. Something shocks you.
* * * LOW HITPOINT WARNING * * *
You miss something. Something hits you.
* * * LOW HITPOINT WARNING * * *
Something shocks you.
* * * LOW HITPOINT WARNING * * *
Unknown command.
Something hits you but does no damage.
Okay, then.
Something completely misses you.
You bump into the rock wall.
A sky beast appears from thin air!
Reactivating autopickup.
The sky beast closely misses you. The sky beast misses you.
The sky beast flickers out of sight!
Deactivating autopickup; reactivate with Ctrl-A.
Something hits you.
* * * LOW HITPOINT WARNING * * *
Something shocks you.
* * * LOW HITPOINT WARNING * * *
Unknown command.
Something hits you.
You die...
Your body crumbles into a pile of gold.

..........[[[.#..
........)###.##..
###.....# #)##..
#.....# #(.... #.....#
#..... #....## #.....
##########....####.....
#.....{.........##.....
#.$...@.......#.##.....
+.........#####.#######
### #.........#####.#
+...#.........#.....#
#.........##.#.#####
#.........##...#
$#...........####
#........##.#
#........##.#


There were no monsters in sight!

Vanquished Creatures
  Eustachio (D:5)
  A yak (D:5)
  A golden eye (D:7)
  2 water moccasins
  A swamp drake (D:7)
  An ogre (D:5)
  A centaur (D:6)
  A phantom (D:5)
  A kobold brigand (D:7)
  A scorpion (D:4)
  A howler monkey (D:7)
  3 hounds
  A jelly (D:6)
  A gnoll bouda (D:4)
  An orc priest (D:6)
  4 orc wizards (D:7)
  Natasha (D:3)
  An iguana (D:5)
  5 gnolls
  9 adders
  2 river rats
  A shadow imp (D:6)
  2 white imps
  3 worms
  3 dart slugs
  12 orcs
  4 ball pythons
  6 endoplasms
  5 giant cockroaches
  10 goblins
  2 hobgoblins
  9 jackals
  7 quokkas
  5 bats
  7 frilled lizards
  5 kobolds
  5 rats
126 creatures vanquished.

Vanquished Creatures (collateral kills)
  Blork the orc (D:5)
  2 gnolls (D:5)
3 creatures vanquished.

Vanquished Creatures (others)
  3 yaks
  An ogre (D:6)
  A scorpion (D:3)
  A gnoll sergeant (D:5)
  A jelly (D:5)
  Natasha (twice) (D:3)
  3 adders
  3 gnolls (D:4)
  2 river rats (Sewer)
  An ufetubus (D:6)
  2 orcs (D:4)
  3 jackals
  2 plants (D:3)
25 creatures vanquished.

Grand Total: 154 creatures vanquished

Notes
Turn   | Place    | Note
-------+----------+-------------------------------------------
     0 | D:1      | Flugkiller the Mummy Reaver began the quest for the Orb.
     0 | D:1      | Reached XP level 1. HP: 16/16 MP: 4/4
   338 | D:1      | Reached skill level 3 in Spellcasting
   338 | D:1      | Reached XP level 2. HP: 8/22 MP: 6/6
  1500 | D:2      | Learned a level 2 spell: Momentum Strike
  1623 | D:2      | Found a faded altar of an unknown god.
  1661 | D:2      | Prayed at the altar of an unknown god.
  1661 | D:2      | Became a worshipper of Gozag Ym Sagoz the Greedy
  1739 | D:2      | Gained mutation: You are in touch with the powers of death.
                  | [Mummy growth]
  1739 | D:2      | Reached XP level 3. HP: 26/26 MP: 7/7
  2640 | D:3      | Got Dusile's Initiation to Incantation
  2813 | D:3      | Noticed a scorpion
  2850 | D:3      | Killed a scorpion
  3481 | D:3      | Noticed Natasha
  3490 | D:3      | Killed Natasha
  3491 | D:3      | Reached XP level 4. HP: 15/33 MP: 6/9
  4542 | D:3      | Noticed Natasha
  4554 | D:3      | Killed Natasha
  4766 | D:3      | Noticed Natasha
  4779 | D:3      | Killed Natasha
  5043 | D:4      | Noticed a scorpion
  5051 | D:4      | Killed a scorpion
  5052 | D:4      | Reached skill level 4 in Spellcasting
  5222 | D:4      | Reached skill level 1 in Translocations
  5660 | D:4      | Reached XP level 5. HP: 20/38 MP: 11/11
  6632 | D:4      | Found Pafidor's General Store.
  6688 | D:4      | Bought a scroll of blinking for 90 gold pieces
  6688 | D:4      | Bought a scroll of identify for 24 gold pieces
  6688 | D:4      | Bought a scroll of identify for 24 gold pieces
  6690 | D:4      | Bought a wand of iceblast (5) for 144 gold pieces
  6733 | D:4      | Found a broken altar of Ashenzari.
  6734 | D:4      | Found a shimmering blue altar of Sif Muna.
  6734 | D:4      | Found a blossoming altar of Fedhas.
  7089 | D:5      | Entered Level 5 of the Dungeon
  7151 | D:5      | Noticed an ogre
  7153 | D:5      | Killed an ogre
  7154 | D:5      | Reached XP level 6. HP: 44/44 MP: 10/12
  7183 | D:5      | Found a one-way gate to the infinite horrors of the Abyss.
  7278 | D:5      | Noticed Eustachio
  7570 | D:5      | Killed Eustachio
  7571 | D:5      | Reached skill level 5 in Conjurations
  7571 | D:5      | Reached skill level 1 in Evocations
  7724 | D:5      | Found a glowing drain.
  7753 | Sewer    | Entered a sewer
  8748 | Sewer    | Reached XP level 7. HP: 26/46 MP: 13/13
  9116 | D:5      | Noticed Blork the orc
  9424 | D:5      | Killed Blork the orc
 10057 | D:5      | Found a large runed translucent door.
 10057 | D:5      | Found a large runed translucent door.
 10060 | D:5      | Found a corrupted altar of Lugonu.
 10382 | D:5      | Learned a level 3 spell: Hailstorm
 11067 | D:6      | Reached skill level 1 in Ice Magic
 11084 | D:6      | Noticed a yak
 11084 | D:6      | Noticed a yak
 11084 | D:6      | Noticed a yak
 11084 | D:6      | Noticed a yak
 11084 | D:6      | Noticed a yak
 11085 | D:6      | Noticed a yak
 11235 | D:5      | Killed a yak
 11236 | D:5      | Reached XP level 8. HP: 37/59 MP: 13/15
 11498 | D:5      | Reached skill level 5 in Spellcasting
 11981 | D:6      | You fall into a shaft and drop 2 floors!
 12567 | D:7      | Reached skill level 6 in Spellcasting
 12587 | D:7      | HP: 2/60 [something (6)]
 12588 | D:7      | Slain by a sky beast

Illustrated notes

Levels and vault maps discovered:
D:1:      lightli_arrival_windingriver, layout_basic
D:2:      layout_loops_cross, ebering_ecumenical_altar_hall,
          ebering_dispersal_statue_hall
D:3:      layout_basic, serial_bayou, serial_bayou_pond_d,
          serial_bayou_lagoon_a, serial_bayou_ford_a, serial_bayou_shore_b,
          serial_bayou_shore_b, kennysheep_decorative_pillar,
          grunt_ministairs_11, hangedman_feature_mirror, uniq_natasha
D:4:      layout_loops_corners, mainiacjoe_overflow_alcove_3, serial_shops,
          nicolae_shop_waterfront
D:5:      due_chaos_kobolds, layout_loops_ring, gup_sewer_entry_bubbles,
          uniq_eustachio, uniq_blork_the_orc
D:6:      layout_gridville, grunt_ministairs_13
D:7:      layout_basic, nicolae_overflow_crystal_walls,
          minmay_temple_entry_large_hall, hangedman_decor_growths
D:8:      minmay_bloctagon, layout_rooms, nicolae_gozag_zags_fifth_avenue,
          hangedman_minor_gate_pass, uniq_maurice

Skill      XL: |  1  2  3  4  5  6  7  8 |
---------------+-------------------------+-----
Spellcasting   | 3 4 6 |  6.0
Conjurations   | 3 4 5 |  5.9
Translocations | 1 2 |  2.0
Evocations     | 2 3 |  3.0
Polearms       | 3 4 |  4.0
Fighting       | 3 4 |  4.0
Ice Magic      | 1 2 |  2.8
Dodging        | |  1.5

Action                   |  1- 3 |  4- 6 |  7- 9 || total
-------------------------+-------+-------+-------++-------
Melee: Spear             |   199 |    67 |       ||   266
       Punch             |     2 |     3 |     3 ||     8
       Trident           |       |   259 |   201 ||   460
 Cast: Kiss of Death     |     1 |     3 |       ||     4
       Momentum Strike   |     5 |    29 |    14 ||    48
       Hailstorm         |       |       |    12 ||    12
Evoke: Wand              |       |     2 |    13 ||    15
  Use: Scroll            |     1 |     8 |     4 ||    13
 Stab: Sleeping          |       |     1 |       ||     1
       Distracted        |       |       |     1 ||     1
Armor: Leather armour    |    56 |   114 |    93 ||   263
Dodge: Dodged            |   115 |   212 |   130 ||   457

Table legend: (Time is in decaauts)
 A = Elapsed time spent in this place.
 B = Non-inter-level travel time spent in this place.
 C = Inter-level travel time spent in this place.
 D = Time resting spent in this place.
 E = Time spent auto-exploring this place.
 F = Levels seen in this place.
 G = Mean time per level.
                   A        B        C        D        E       F      G
               +--------+--------+--------+--------+--------+-----+--------+
         Total |  12927 |  12499 |    428 |   4618 |   5603 |   9 | 1436.3 |
       Dungeon |  11375 |  10947 |    428 |   4013 |   5000 |   8 | 1421.9 |
         Sewer |   1551 |   1551 |      0 |    605 |    603 |   1 | 1551.0 |
               +--------+--------+--------+--------+--------+-----+--------+

Top non-repeatable levels by time:
     D:4: 2611 daAuts
     D:3: 2536 daAuts
     D:5: 1829 daAuts
   Sewer: 1551 daAuts
     D:2: 1408 daAuts
     D:6: 1346 daAuts
     D:1: 1126 daAuts
     D:7: 500 daAuts
     D:8: 16 daAuts
